 Dungeon Crawl Stone Soup version 0.28.0-43-g3370ac3207 (webtiles) character file.

Game seed: 13400267901909398377

23 pkoi the Chiller (level 2, -2/15 HPs)
             Began as a Deep Elf Ice Elementalist on Mar 8, 2022.
             Slain by a hound (3 damage)
             ... on level 2 of the Dungeon.
             The game lasted 00:01:44 (1450 turns).

pkoi the Chiller (Deep Elf Ice Elementalist)        Turns: 1450, Time: 00:01:44

Health: -2/15      AC:  4    Str:  8    XL:     2   Next: 75%
Magic:  12/17      EV: 12    Int: 19    God:
Gold:   114        SH:  0    Dex: 15    Spells: 6/7 levels left

rFire   + . .      SeeInvis .   c - +0 dagger
rCold   + + .      Faith    .   (no shield)
rNeg    . . .      Spirit   .   g - +2 robe of Pride {Drain rElec rC++ Str+3}
rPois   .          Reflect  .   (no helmet)
rElec   +          Harm     .   (no cloak)
rCorr   .          Rampage  .   (no gloves)
Will    .....                   (no boots)
Stlth   ++........              (no amulet)
HPRegen 0.05/turn               b - ring of magical power
MPRegen 0.15/turn               f - ring of protection from fire

@: no status effects
A: no striking features
a: no special abilities


You were on level 2 of the Dungeon.
You visited 1 branch of the dungeon, and saw 2 of its levels.

You collected 114 gold pieces.

Inventory:

Hand Weapons
 c - a +0 dagger (weapon)
Armour
 a - a +0 robe
 g - the +2 robe of Pride (worn) {Drain rElec rC++ Str+3}
   (You found it on level 2 of the Dungeon)

   Str:       It affects your strength (+3).
   rC:        It greatly protects you from cold.
   rElec:     It insulates you from electricity.
   Drain:     It drains your maximum health when unequipped.
Jewellery
 b - a ring of magical power (left hand)
 f - a ring of protection from fire (right hand)
Potions
 d - a potion of curing {unknown}
 e - 2 potions of attraction {unknown}


   Skills:
 - Level 2.4 Dodging
 - Level 2.4 Stealth
 - Level 3.0 Spellcasting
 + Level 5.3 Ice Magic


You had 6 spell levels left.
You knew the following spells:

 Your Spells              Type           Power      Damage    Failure   Level
a - Freeze                Ice            92%        1d10      1%          1

Your spell library contained the following spells:

 Spells                   Type           Power      Damage    Failure   Level
 Frozen Ramparts          Ice            46%        1d6       4%          3
 Ozocubu's Armour         Ice            23%        N/A       4%          3
 Static Discharge         Conj/Air       2%         N/A       22%         2
 Tukima's Dance           Hex            2%         N/A       41%         3
 Hailstorm                Conj/Ice       13%        3d5       45%         4
 Anguish                  Hex/Necr       1%         N/A       83%         4
 Lightning Bolt           Conj/Air       1%         1d12      99%         5
 Enfeeble                 Hex            1%         N/A       100%        7
 Maxwell's Capacitive Co  Air            1%         ∞         100%        8


Dungeon Overview and Level Annotations

Branches:
Dungeon (2/15)

Altars:


Message History

Aiming: Freeze (safe; 1% risk of failure)
Press: ? - help, Q - select action Shift-Dir - straight line, f/p - worm
Aim: a worm (severely wounded)
You freeze the worm!
You kill the worm!
Unknown command.
You start resting.
A dart slug comes into view.
A dart slug is nearby!
A dart slug is nearby!
A dart slug is nearby!
A hound comes into view.
The hound barks!
The dart slug bites you but does no damage.
Aiming: Freeze (safe; 1% risk of failure)
Press: ? - help, Q - select action Shift-Dir - straight line, f - dart slug
Aim: a dart slug You freeze the dart slug.
The dart slug is heavily wounded.
The dart slug closely misses you.
Aiming: Freeze (safe; 1% risk of failure)
Press: ? - help, Q - select action Shift-Dir - straight line, f/p - dart slug
Aim: a dart slug (heavily wounded)
Okay, then.
The hound closely misses you.
Aiming: Freeze (safe; 1% risk of failure)
Press: ? - help, Q - select action Shift-Dir - straight line, f - hound
Aim: a hound You freeze the hound!
The hound is heavily wounded.
The hound bites you but does no damage.
Aiming: Freeze (safe; 1% risk of failure)
Press: ? - help, Q - select action Shift-Dir - straight line, f/p - hound
Aim: a hound (heavily wounded)
You freeze the hound.
The hound is almost dead.
The hound bites you.
* * * LOW HITPOINT WARNING * * *
The hound bites you.
You die...

#### #.##.##.#...#..##
#..(....#.......#
####.####..##...#
####†####..# ... #
#........... .# #.
#.......##### .#
.###.####.<..[...######.#
..........#..h..........
#.........#..#@....#..#.#
#..........#.#.....#....#
#..........#...#....##..#
#.......#...#..#.......##.
#.......#.#.#.............
#.......#....#.........###
####.#####.#.#....##...#
#. ......... ...# #.
#....##.. ##.#


You could see a hound.

Vanquished Creatures
  A worm (D:2)
  2 ball pythons
  3 bats (D:1)
  3 endoplasms
  A giant cockroach (D:1)
  A goblin (D:1)
  A hobgoblin (D:1)
  4 kobolds (D:1)
  2 frilled lizards
  2 rats (D:2)
20 creatures vanquished.

Notes
Turn   | Place    | Note
-------+----------+-------------------------------------------
     0 | D:1      | pkoi the Deep Elf Ice Elementalist began the quest for the
                  | Orb.
     0 | D:1      | Reached XP level 1. HP: 10/10 MP: 6/6
   650 | D:1      | Reached XP level 2. HP: 15/15 MP: 8/8
   773 | D:1      | Reached skill level 5 in Ice Magic
  1343 | D:2      | Identified the +2 robe of Pride {Drain rElec rC++ Str+3}
  1450 | D:2      | Slain by a hound

Illustrated notes

Levels and vault maps discovered:
D:1:      dpeg_arrival_tiny_h, layout_basic, minmay_pentomino_v2
D:2:      cheibrodos_greedy_goblins, layout_loops_cross,
          nicolae_ecumenical_lake_church, hangedman_decor_peaks_small

Skill      XL: |  1  2 |
---------------+-------+-----
Ice Magic      | 5 |  5.3
Dodging        | |  2.4
Stealth        | |  2.4
Spellcasting   | |  3.0

Action                   || total
-------------------------++-------
Melee: Unarmed           ||     1
       Dagger            ||     4
 Cast: Freeze            ||    30
  Use: Scroll            ||     2
 Stab: Sleeping          ||     2
Armor: Robe              ||     8
Dodge: Dodged            ||    16
